 Dungeon Crawl Stone Soup version bcrawl-1.27.8b (webtiles) character file.

Game seed: 12003101735853788272

448363 LostNumber the Bludgeoner (level 14, -6/129 HPs)
             Began as a Minotaur Archaeologist on Oct 31, 2020.
             Was the Champion of Wu Jian.
             Mangled by a komodo dragon (7 damage)
             ... on level 6 of the Lair of Beasts.
             The game lasted 00:30:39 (19671 turns).

LostNumber the Bludgeoner (Minotaur Archaeologist) Turns: 19671, Time: 00:30:40

Health: -6/129     AC: 22    Str: 20    XL:     14   Next: 30%
Magic:  18/18      EV: 13    Int: 11    God:    Wu Jian [******]
Gold:   1343       SH:  0    Dex: 10    Spells: 13/13 levels left

rFire    + + .     SeeInvis .   f - +10 dark maul {crush}
rCold    + . .     Gourm    .   (shield currently unavailable)
rNeg     . . .     Faith    .   M - +0 fire dragon scales
rPois    .         Spirit   .   c - +1 hat
rElec    .         Reflect  .   I - +2 cloak {rC+}
rCorr    .         Harm     .   (no gloves)
MR       +....                  N - +1 pair of boots
Stlth    ..........             K - amulet of magic regeneration
HPRegen  0.31/turn              p - +4 ring of protection
MPRegen  0.41/turn              o - ring of protection from cold

@: lightly drained
A: retaliatory headbutt, horns 2
a: Wall Jump, Serpent's Lash, Heavenly Storm, Renounce Religion


You were on level 6 of the Lair of Beasts.
You worshipped Wu Jian.
Wu Jian was exalted by your worship.
You were not hungry.

You visited 3 branches of the dungeon, and saw 18 of its levels.
You also visited: Ice Cave and Volcano.

You collected 1398 gold pieces.
You spent 55 gold pieces at shops.

Inventory:

Hand Weapons
 f - the +10 dark maul (weapon) {crush}
   (You acquired it on level 3 of the Dungeon)

   It will always inflict at least some extra damage.
   This minimum extra damage increases with your current reserve of magical
   power.
 A - a +5 morningstar
   (You took it off a wight on level 11 of the Dungeon)
 B - a +5 dire flail
   (You took it off a wight on level 11 of the Dungeon)
Missiles
 G - a throwing net {=f!f}
Armour
 c - a +1 hat (worn)
 I - a +2 cloak of cold resistance (worn)
   (You found it in an ice cave)
 M - +0 fire dragon scales (worn)
   (You found it in a volcano)
 N - a +1 pair of boots (worn)
 T - a +0 pair of gloves
   (You found it on level 4 of the Lair of Beasts)
Jewellery
 o - a ring of protection from cold (right hand)
   (You found it on level 3 of the Dungeon)
 p - a +4 ring of protection (left hand)
   (You found it on level 1 of the Dungeon)
 s - an uncursed ring of flight
   (You took it off a kobold on level 2 of the Dungeon)
 K - an amulet of magic regeneration (around neck)
   (You took it off an orc on level 7 of the Dungeon)
 O - an uncursed ring of positive energy {unknown}
   (You found it on level 3 of the Lair of Beasts)
 S - a cursed amulet of inaccuracy {unknown}
   (You found it on level 4 of the Lair of Beasts)
 U - an uncursed ring of wizardry {unknown}
   (You found it on level 6 of the Lair of Beasts)
Wands
 d - a wand of iceblast (35)
   (You found it on level 7 of the Dungeon)
 t - a wand of flame (22)
   (You found it on level 8 of the Dungeon)
 u - a wand of paralysis (18)
   (You found it on level 8 of the Dungeon)
 v - a wand of digging (17)
   (You found it on level 7 of the Dungeon)
 x - a wand of acid (6)
   (You found it on level 5 of the Dungeon)
 y - a wand of scattershot (3)
   (You found it on level 11 of the Dungeon)
 z - a wand of polymorph (2)
   (You took it off Ijyb on level 3 of the Dungeon)
 D - a wand of enslavement (10)
   (You found it on level 6 of the Dungeon)
 H - a wand of clouds (6)
   (You found it on level 6 of the Dungeon)
Scrolls
 a - 5 scrolls of remove curse {@r2}
 g - 4 scrolls of magic mapping
 i - 7 scrolls of blinking
 n - a scroll of teleportation {@r4}
 w - 2 scrolls of fear
 F - 3 scrolls of fog
 J - 2 scrolls of immolation {!r}
 V - 3 scrolls of vulnerability {!r}
 X - a scroll of brand weapon {unknown}
Potions
 b - 2 potions of lignification {!q}
 h - 2 potions of flight {unknown}
 j - 4 potions of brilliance {unknown}
 k - 2 potions of degeneration {unknown}
 l - 4 potions of magic
 m - 8 potions of curing {@q1}
 q - 2 potions of ambrosia {unknown}
 r - 3 potions of haste {unknown}
 C - 4 potions of heal wounds {@q2}
 E - 4 potions of resistance
 L - a potion of invisibility {unknown}
 P - 2 potions of berserk rage {unknown}
 Q - 2 potions of mutation {unknown}
 Y - a potion of cancellation {unknown}
Miscellaneous
 Z - a lamp of fire
   (You found it in a volcano)
Comestibles
 e - 26 rations {!d!d}


   Skills:
 + Level 13.1(12.8) Fighting
 * Level 19.5(19.2) Maces & Flails
 - Level 10.2(10.0) Armour
 - Level 10.1(9.8) Dodging
 - Level 2.6(2.4) Stealth
 + Level 6.9(6.7) Evocations


You had 13 spell levels left.
You didn't know any spells.
Your spell library contained the following spells:

 Spells                   Type           Power        Failure   Level  Hunger
 Throw Frost              Conj/Ice       #.....       50%         2    ####...
 Beastly Appendage        Tmut           #.....       69%         1    None
 Freeze                   Ice            #.....       69%         1    None
 Summon Small Mammal      Summ           #...         69%         1    None
 Call Imp                 Summ           #.....       83%         2    ####...
 Ensorcelled Hibernation  Hex/Ice        #.....       83%         2    ####...
 Passwall                 Tmut/Erth      #.......     83%         2    ####...
 Sticks to Snakes         Tmut           #.......     83%         2    ####...
 Call Canine Familiar     Summ           #.......     96%         3    #####..
 Confuse                  Hex            #.......     96%         3    #####..
 Dazzling Orbs            Conj/Hex       #......      96%         3    #####..
 Ozocubu's Armour         Chrm/Ice       #.......     96%         3    #####..
 Spider Form              Tmut/Pois      #..          96%         3    #####..
 Ice Form                 Ice/Tmut       #.......     100%        4    ######.
 Petrify                  Tmut/Erth      #.........   100%        4    ######.
 Summon Ice Beast         Ice/Summ       #.......     100%        4    ######.
 Throw Icicle             Conj/Ice       #.......     100%        4    ######.
 Yara's Violent Unravell  Hex/Tmut       #.........   100%        4    ######.
 Blade Hands              Tmut           #.........   100%        5    #######
 Metabolic Englaciation   Hex/Ice        #.........   100%        5    #######
 Summon Lightning Spire   Summ/Air       #.......     100%        5    #######
 Ozocubu's Refrigeration  Ice            #.........   100%        6    #######
 Simulacrum               Ice/Necr       #.........   100%        6    #######
 Mana Rupture             Conj/Hex       #.........   100%        7    #######


Dungeon Overview and Level Annotations

Branches:
Dungeon (11/12)            Temple (1/1) D:6            Lair (6/6) D:8
 Shoals (0/3) Lair:4       Spider (0/3) Lair:2        Slime (0/5) Lair:5
    Orc (0/1) D:10
 Vaults: D:11-12

Altars:
Ashenzari
Cheibriados
Dithmenos
Elyvilon
Fedhas
Gozag
Hepliaklqana
Kikubaaqudgha
Lugonu
Makhleb
Nemelex Xobeh
Okawaru
Qazlal
Ru
Sif Muna
Trog
Uskayaw
Vehumet
Wu Jian
Xom
Yredelemnul
Zin
The Shining One
Jiyva

Shops:
D:4 *   D:6 :   D:7 [

Annotations:
Lair:1 exclusion: 2 oklob plants
Lair:5 exclusion: oklob plant


Innate Abilities, Weirdness & Mutations

You reflexively headbutt those who attack you in melee.
You have a pair of horns on your head.


Message History

Being near the torpor snail leaves you feeling lethargic.
Your surroundings suddenly seem different.
You start resting.
Eating one of 4 chunks of flesh.
You eat one of the 4 chunks of flesh.
You feel yourself speed up.
The polar bear is too close now for your liking.
All of the chunks of flesh in your inventory have rotted away.
A komodo dragon comes into view.
The komodo dragon hisses angrily.
Okay, then.
Your muscles tense, ready for explosive movement...
You lunge with incredible momentum at the polar bear.
You sock the polar bear!
You spin to attack the polar bear, but your attack speed is too slow for a blow to land.
You feel drained.
Your supernatural speed expires.
You spin to attack the polar bear, but your attack speed is too slow for a blow to land.
The polar bear bites you but does no damage.
The polar bear claws you but does no damage. x2
You flatten the polar bear like a pancake!!!
You kill the polar bear!
The Council accepts your kill. The komodo dragon bites you!!
* * * LOW HITPOINT WARNING * * *
You feel much better. The komodo dragon barely misses you.
Unknown command.
You feel less exhausted.
Unknown command.
Okay, then.
Okay, then.
Okay, then.
You have no room to wall jump there; the plant is in the way.
Unknown command.
The komodo dragon misses you.
You feel a little less agile now.
You spin to attack the komodo dragon, but your attack speed is too slow for a blow to land.
The komodo dragon bites you but does no damage.
You spin to attack the komodo dragon, but your attack speed is too slow for a blow to land.
The komodo dragon misses you.
You spin to attack the komodo dragon, but your attack speed is too slow for a blow to land.
The komodo dragon misses you.
You thump the komodo dragon! The komodo dragon closely misses you.
The komodo dragon bites you but does no damage.
You sock the komodo dragon! Your headbutt misses the komodo dragon.
The komodo dragon bites you but does no damage.
The komodo dragon bites you!
* * * LOW HITPOINT WARNING * * *
You closely miss the komodo dragon. The komodo dragon bites you!
* * * LOW HITPOINT WARNING * * *
The komodo dragon bites you!
You die...

#......ยงยง..P...........
##..........P......#...
##.....<...........#...
#...P..................
##..#.#................
#.....P...........#...
##....P....#...........
##..........P...........
#.#....@........P.......
##....Pl........P.P.....
#...#.P................
##..........P...........
#...........P.....P.....
##..........#.^.........
##..P........P.........
#...................#.
#.........#.........P.


You could see a komodo dragon.

Vanquished Creatures
  Gastronok (Lair:3)
  A red draconian (Volcano)
  A dire elephant (Lair:5)
  2 hydras
  A catoblepas (Lair:6)
  A two-headed ogre (D:8)
  A salamander mystic (Volcano)
  2 lindwurms
  A necromancer (IceCv)
  An orb spider (Lair:2)
  A manticore (Lair:6)
  An ugly thing (D:11)
  5 salamanders (Volcano)
  7 black mambas
  3 elephants (Lair:2)
  An ice statue (IceCv)
  A merfolk siren (Lair:4)
  A molten gargoyle (Lair:4)
  9 cane toads
  5 centaur skeletons
  3 komodo dragons
  10 freezing wraiths (IceCv)
  5 rime drakes
  2 hornets (Lair:4)
  5 trolls
  5 polar bears
  7 dream sheep
  12 hippogriffs
  5 slime creatures (D:11)
  15 blink frogs
  38 yaks
  4 wraiths (D:11)
  4 basilisks
  2 death yak simulacra (IceCv)
  A steam dragon (D:7)
  A soldier ant (D:11)
  17 crocodiles
  2 wargs (D:10)
  An acid dragon (Lair:5)
  9 water moccasins
  3 porcupines
  17 ice beasts
  2 phantoms
  3 orc warriors
  A black bear (D:8)
  A necrophage (D:9)
  4 sky beasts
  An eye of draining (D:8)
  9 ogres
  6 centaurs
  13 wolves
  A big kobold (D:7)
  12 bullfrogs
  A wyvern zombie (D:7)
  A wyvern skeleton (D:9)
  5 scorpions
  5 wights (D:11)
  2 howler monkeys (D:9)
  2 electric eels
  A lava snake (Lair:4)
  8 crimson imps
  4 draconian simulacra (IceCv)
  2 bullfrog zombies (D:5)
  8 hounds
  2 orc priests
  2 jellies
  7 orc wizards
  Ijyb (D:3)
  3 iguanas
  2 spriggan simulacra (IceCv)
  9 worker ants
  5 troll simulacra (IceCv)
  2 wolf simulacra (IceCv)
  5 centaur simulacra (IceCv)
  A hound zombie (D:5)
  4 hound skeletons
  8 gnolls
  2 naga simulacra (IceCv)
  2 ogre simulacra (IceCv)
  8 adders
  2 shadow imps
  12 white imps (IceCv)
  2 oozes
  3 adder skeletons
  3 worms
  2 dart slugs
  6 leopard geckos
  32 orcs
  A ball python (D:2)
  6 bats
  5 giant cockroaches
  15 goblins
  4 hobgoblins
  11 jackals
  5 quokkas
  3 frilled lizards (D:1)
  A jackal zombie (D:7)
  15 kobolds
  A quokka skeleton (D:4)
  5 rats
503 creatures vanquished.

Vanquished Creatures (others)
  2 fungi (Lair:5)
  21 plants
23 creatures vanquished.

Grand Total: 526 creatures vanquished

Notes
Turn   | Place    | Note
-------+----------+-------------------------------------------
     0 | D:1      | LostNumber the Minotaur Archaeologist began the quest for
                  | the Orb.
     0 | D:1      | Reached XP level 1. HP: 16/16 MP: 0/0
   194 | D:1      | Reached XP level 2. HP: 20/24 MP: 1/1
   318 | D:1      | Reached skill level 2 in Maces & Flails
   574 | D:1      | Reached XP level 3. HP: 29/29 MP: 2/2
   625 | D:1      | Got a sparkling steel amulet
  1274 | D:2      | Reached XP level 4. HP: 27/37 MP: 3/3
  1290 | D:2      | Reached skill level 3 in Maces & Flails
  2413 | D:3      | Noticed Ijyb
  2414 | D:3      | Reached XP level 5. HP: 45/45 MP: 4/4
  2414 | D:3      | Identified a scroll of acquirement
  2441 | D:3      | Killed Ijyb
  2687 | D:3      | Noticed an ogre
  2693 | D:3      | Killed an ogre
  2693 | D:3      | Reached skill level 4 in Maces & Flails
  2693 | D:3      | Reached skill level 5 in Dodging
  2937 | D:3      | Found a faded altar of an unknown god.
  2949 | D:3      | Reached XP level 6. HP: 52/52 MP: 5/5
  3031 | D:3      | Identified the +2 pair of boots of Perpetual Drought {rPois
                  | Str+3 Int-3} (You acquired it on level 3 of the Dungeon)
  3031 | D:3      | Identified the ring of the Screaming Hero {rPois AC+4 Int+6
                  | Dex-4 SInv} (You acquired it on level 3 of the Dungeon)
  3032 | D:3      | Found the +10 dark maul {crush}
  3037 | D:3      | Identified the cursed amulet of Veukaib {Inacc Str+4} (You
                  | found it on level 1 of the Dungeon)
  3274 | D:4      | Reached skill level 5 in Maces & Flails
  3381 | D:4      | Reached skill level 5 in Fighting
  3537 | D:4      | Reached skill level 6 in Maces & Flails
  3537 | D:4      | Reached XP level 7. HP: 48/61 MP: 6/6
  3714 | D:4      | Found Xuonti Ginn's General Store.
  3722 | D:4      | Bought a potion of heal wounds for 55 gold pieces
  3811 | D:5      | Entered Level 5 of the Dungeon
  3811 | D:5      | Found a blossoming altar of Fedhas.
  4125 | D:5      | Reached skill level 7 in Maces & Flails
  4282 | D:5      | Reached skill level 1 in Armour
  4282 | D:5      | Reached XP level 8. HP: 71/71 MP: 7/7
  4331 | D:5      | Reached skill level 8 in Maces & Flails
  4398 | D:5      | Noticed a hippogriff
  4408 | D:5      | Killed a hippogriff
  4557 | D:5      | Found a shattered altar of Ashenzari.
  4747 | D:5      | Reached skill level 9 in Maces & Flails
  4997 | D:6      | Found a staircase to the Ecumenical Temple.
  5064 | Temple   | Entered the Ecumenical Temple
  5173 | Temple   | Became a worshipper of the Wu Jian Council
  5379 | D:6      | Noticed a hippogriff
  5384 | D:6      | Killed a hippogriff
  5539 | D:6      | Reached skill level 10 in Maces & Flails
  5539 | D:6      | Reached XP level 9. HP: 80/80 MP: 8/8
  5875 | D:6      | Found Eluec's Book Shoppe.
  5920 | D:6      | Found a sacrificial altar of Ru.
  6347 | D:7      | Reached skill level 5 in Armour
  6521 | D:7      | Reached * piety under Wu Jian
  6549 | D:7      | Found Ciocas's Antique Armour Shoppe.
  6628 | D:7      | Reached skill level 11 in Maces & Flails
  7024 | D:7      | Noticed a troll
  7040 | D:7      | Killed a troll
  7213 | D:8      | Noticed a two-headed ogre
  7279 | D:8      | Killed a two-headed ogre
  7279 | D:8      | Reached XP level 10. HP: 86/91 MP: 9/9
  7482 | D:8      | Reached skill level 12 in Maces & Flails
  7547 | D:8      | Found an iron altar of Okawaru.
  7606 | D:8      | Reached ** piety under Wu Jian
  7793 | D:8      | Found a staircase to the Lair.
  9182 | D:9      | Reached skill level 10 in Fighting
  9230 | D:10     | Entered Level 10 of the Dungeon
  9237 | D:10     | Reached skill level 13 in Maces & Flails
  9314 | D:10     | Noticed Sonja
  9423 | D:10     | Noticed Sonja
  9423 | D:10     | Sonja changed into Sonja the basilisk
  9426 | D:10     | Killed Sonja the basilisk
  9584 | D:10     | Reached XP level 11. HP: 84/99 MP: 10/10
  9810 | D:10     | Found a staircase to the Orcish Mines.
  9810 | D:10     | Reached *** piety under Wu Jian
 10404 | D:11     | Noticed a five-headed hydra
 10422 | D:11     | Killed a five-headed hydra
 10422 | D:11     | Reached skill level 14 in Maces & Flails
 10956 | D:11     | Noticed a brown ugly thing
 10963 | D:11     | Killed a brown ugly thing
 11263 | D:11     | Noticed a death knight
 11352 | Lair:1   | Entered Level 1 of the Lair of Beasts
 11561 | Lair:1   | Reached **** piety under Wu Jian
 11564 | Lair:1   | Found a dark tunnel.
 11574 | Volcano  | Entered a volcano
 11609 | Volcano  | Reached skill level 15 in Maces & Flails
 11612 | Volcano  | Noticed a red draconian
 11653 | Volcano  | Noticed a salamander mystic
 11657 | Volcano  | Killed a red draconian
 11657 | Volcano  | Reached skill level 10 in Armour
 11664 | Volcano  | Killed a salamander mystic
 11664 | Volcano  | Reached XP level 12. HP: 69/106 MP: 11/11
 12313 | Lair:1   | Found an opulent altar of Gozag.
 12912 | Lair:2   | Reached skill level 16 in Maces & Flails
 12916 | Lair:2   | Reached skill level 10 in Dodging
 13170 | Lair:2   | Reached skill level 1 in Evocations
 13372 | Lair:2   | Found a hole to the Spider Nest.
 14065 | Lair:3   | Found a frozen archway.
 14085 | Lair:3   | Reached ***** piety under Wu Jian
 14091 | IceCv    | Entered an ice cave
 14103 | IceCv    | Reached skill level 17 in Maces & Flails
 14423 | IceCv    | Found an ancient bone altar of Kikubaaqudgha.
 14432 | IceCv    | Reached XP level 13. HP: 95/116 MP: 14/14
 15236 | IceCv    | Identified Itsefor's Volume of Ice
 15351 | Lair:3   | Noticed Gastronok
 15373 | Lair:3   | Killed Gastronok
 16100 | Lair:4   | Reached skill level 18 in Maces & Flails
 16252 | Lair:4   | Reached skill level 5 in Evocations
 17362 | Lair:4   | Found a staircase to the Shoals.
 17526 | Lair:5   | Reached ****** piety under Wu Jian
 18344 | Lair:5   | Found a viscous altar of Jiyva.
 18344 | Lair:5   | Found a staircase to the Slime Pits.
 18605 | Lair:6   | Entered Level 6 of the Lair of Beasts
 18767 | Lair:6   | Reached XP level 14. HP: 103/127 MP: 17/17
 18770 | Lair:6   | Reached skill level 19 in Maces & Flails
 19648 | Lair:6   | HP: 2/129 [komodo dragon (23)]
 19671 | Lair:6   | HP: 1/129 [komodo dragon (10)]
 19671 | Lair:6   | Mangled by a komodo dragon

Skill      XL: |  1  2  3  4  5  6  7  8  9 10 11 12 13 14 |
---------------+-------------------------------------------+-----
Fighting       | 2 3 4 5 6 7 9 10 11 12 13 | 13.1
Maces & Flails | 2 3 4 6 7 10 11 13 15 17 18 19 | 19.5
Dodging        | 4 5 6 7 9 10 | 10.1
Armour         | 1 4 6 8 10 | 10.2
Evocations     | 3 6 |  6.9
Stealth        | |  2.6

Action                   |  1- 3 |  4- 6 |  7- 9 | 10-12 | 13-15 || total
-------------------------+-------+-------+-------+-------+-------++-------
Melee: Whip              |    23 |       |   131 |    66 |       ||   220
       Headbutt          |     9 |     9 |    50 |   147 |    96 ||   311
       Dagger            |    64 |   102 |       |       |       ||   166
       Unarmed           |       |     6 |       |       |       ||     6
       Maul              |       |    22 |    26 |     4 |    36 ||    88
       War axe           |       |    13 |   101 |       |       ||   114
       Dire flail        |       |       |       |   734 |   552 ||  1286
       Morningstar       |       |       |       |    10 |       ||    10
Invok: Lunge             |       |       |    17 |    45 |    32 ||    94
       Whirlwind         |       |       |     1 |    20 |    17 ||    38
 Abil: Serpent's Lash    |       |       |       |       |     1 ||     1
       Wall Jump         |       |       |       |       |     1 ||     1
Evoke: Wand              |       |       |       |     4 |       ||     4
  Use: Scroll            |       |     2 |       |    19 |     8 ||    29
       Potion            |       |       |       |     1 |     2 ||     3
 Stab: Sleeping          |     5 |     1 |       |     6 |       ||    12
       Distracted        |       |       |     1 |     2 |       ||     3
       Petrifying        |       |       |       |       |     1 ||     1
       Petrified         |       |       |       |       |     1 ||     1
  Eat: Chunk             |     3 |    11 |    17 |    31 |    24 ||    86
       Ration            |       |     2 |       |     1 |     1 ||     4
Armor: Robe              |     9 |       |       |       |       ||     9
       Ring mail         |    16 |    56 |    63 |       |       ||   135
       Skin              |       |     1 |       |       |       ||     1
       Steam dragon scal |       |       |    16 |    92 |       ||   108
       Fire dragon scale |       |       |       |   119 |   257 ||   376
Dodge: Dodged            |    64 |    83 |   180 |   334 |   342 ||  1003
